 Dungeon Crawl Stone Soup version 0.28.0-1-gb440e238dd (webtiles) character file.

Game seed: 9283364402369449203

153 Ablot the Grasshopper (level 5, 0/43 HPs)
             Began as a Gnoll Warper on Feb 19, 2022.
             Slain by an adder (3 damage)
             ... on level 3 of the Dungeon.
             The game lasted 00:04:17 (2370 turns).

Ablot the Grasshopper (Gnoll Warper)                Turns: 2370, Time: 00:04:17

Health: 0/43       AC:  3    Str: 12    XL:     5   Next: 35%
Magic:  12/12      EV: 13    Int: 12    God:
Gold:   93         SH:  5    Dex: 12    Spells: 12/14 levels left

rFire   . . .      SeeInvis .   a - +0 trident
rCold   . . .      Faith    .   (no shield)
rNeg    . . .      Spirit   .   b - +0 leather armour
rPois   .          Reflect  +   (no helmet)
rElec   .          Harm     .   (no cloak)
rCorr   .          Rampage  .   (no gloves)
Will    .....                   (no boots)
Stlth   +.........              e - amulet of reflection
HPRegen 0.14/turn               (no ring)
MPRegen 0.13/turn               (no ring)

@: lethally poisoned (0 -> -11)
A: fangs 1, strong nose, distributed training
a: no special abilities


You were on level 3 of the Dungeon.
You visited 1 branch of the dungeon, and saw 3 of its levels.
You also visited: Sewer.

You collected 93 gold pieces.

Inventory:

Hand Weapons
 a - a +0 trident (weapon)
Missiles
 d - 5 boomerangs of dispersal (quivered)
 f - 25 arrows
 h - 23 stones
 n - 61 sling bullets
 o - 32 bolts
Armour
 b - a +0 leather armour (worn)
 p - a +0 buckler of protection
Jewellery
 e - an amulet of reflection (around neck)
Wands
 r - a wand of iceblast (14)
Scrolls
 c - a scroll of blinking
 j - 2 scrolls of teleportation {unknown}
 k - 3 scrolls of identify {unknown}
 q - 2 scrolls of vulnerability {unknown}
 s - a scroll of fear {unknown}
 u - 2 scrolls of immolation {unknown}
 v - a scroll of enchant armour {unknown}
 w - a scroll of holy word {unknown}
Potions
 g - a potion of lignification {unknown}
 i - a potion of resistance {unknown}
 l - a potion of attraction {unknown}
 m - a potion of flight {unknown}
 t - 2 potions of heal wounds {unknown}
 x - a potion of haste {unknown}
 z - a potion of magic {unknown}
 A - 2 potions of might {unknown}


   Skills:
 + Level 4.8 Fighting
 + Level 1.4 Short Blades
 + Level 1.4 Long Blades
 + Level 1.4 Axes
 + Level 1.4 Maces & Flails
 + Level 4.8 Polearms
 + Level 1.4 Staves
 + Level 1.4 Slings
 + Level 1.4 Bows
 + Level 1.4 Crossbows
 + Level 3.0 Throwing
 + Level 3.0 Armour
 + Level 4.8 Dodging
 + Level 1.4 Stealth
 + Level 1.4 Shields
 + Level 1.4 Unarmed Combat
 + Level 5.2 Spellcasting
 + Level 1.1 Conjurations
 + Level 1.1 Hexes
 + Level 1.1 Summonings
 + Level 1.1 Necromancy
 + Level 5.5 Translocations
 + Level 1.1 Transmutations
 + Level 1.1 Fire Magic
 + Level 1.1 Ice Magic
 + Level 1.1 Air Magic
 + Level 1.1 Earth Magic
 + Level 1.1 Poison Magic
 + Level 1.6 Invocations
 + Level 1.4 Evocations


You had 12 spell levels left.
You knew the following spells:

 Your Spells              Type           Power      Damage    Failure   Level
a - Blink                 Tloc           32%        N/A       3%          2

Your spell library contained the following spells:

 Spells                   Type           Power      Damage    Failure   Level
 Gell's Gravitas          Tloc           16%        N/A       8%          3
 Lesser Beckoning         Tloc           16%        N/A       8%          3
 Teleport Other           Tloc           16%        N/A       8%          3
 Manifold Assault         Tloc           16%        N/A       56%         5


Dungeon Overview and Level Annotations

Branches:
Dungeon (3/15)              Sewer (visited)

Altars:
Qazlal

Portals:
Abyss: D:3


Innate Abilities, Weirdness & Mutations

You have very sharp teeth.
Your uncanny sense of smell can sniff out nearby items.
Your experience applies equally to all skills.


Message History

The adder bites you.
You are poisoned.
The adder poisons you! The adder bites you.
You are too injured to fight recklessly!
You are too injured to fight recklessly!
You are too injured to fight recklessly!
You are too injured to fight recklessly!
You are too injured to fight recklessly!
You are too injured to fight recklessly!
You are too injured to fight recklessly!
You are too injured to fight recklessly!
You are too injured to fight recklessly!
You are too injured to fight recklessly!
You are too injured to fight recklessly!
You are too injured to fight recklessly!
You are too injured to fight recklessly!
You are too injured to fight recklessly!
You are too injured to fight recklessly!
You are too injured to fight recklessly!
You enter the shallow water.
Moving in this stuff is going to be slow.
You feel very sick. The adder bites you.
* * * LOW HITPOINT WARNING * * *
You are lethally poisoned!
The adder poisons you! The adder bites you.
* * * LOW HITPOINT WARNING * * *
You are more poisoned.
The adder poisons you!
Things that are here:
a +1 hand axe of electrocution; 3 boomerangs; an orc corpse
* * * LOW HITPOINT WARNING * * *
You feel very sick. You block the adder's attack.
You barely miss the adder.
The adder is almost dead.
* * * LOW HITPOINT WARNING * * *
You feel very sick. The adder bites you.
You die...

###### #..# .# #..#
#.######## #..#
######......... #..#
#.≈....(....# .###..# #.
#≈≈≈≈≈##.# ..##..#
#.##≈≈≈≈≈##.# #.##..#
#.≈≈.....≈≈.# #.##..#
#####.≈≈@....≈≈.###.##..#
......≈)S..........).#..#
#####$≈≈....≈≈≈..........
#.≈≈.....≈≈..######[#
#.##≈≈.≈≈##..# #.. #.
#≈≈.≈≈##..# #.#
#............# ###
######.......# #########


You could see an adder.

Vanquished Creatures
  7 adders
  2 river rats
  3 worms (D:2)
  2 orcs (D:3)
  8 ball pythons
  3 endoplasms
  2 giant cockroaches (D:3)
  4 hobgoblins
  2 jackals (D:3)
  4 quokkas
  3 bats
  6 frilled lizards
  7 goblins
  5 kobolds
  5 rats
  A spectral kobold (D:1)
64 creatures vanquished.

Notes
Turn   | Place    | Note
-------+----------+-------------------------------------------
     0 | D:1      | Ablot the Gnoll Warper began the quest for the Orb.
     0 | D:1      | Reached XP level 1. HP: 20/20 MP: 6/6
   140 | D:1      | Reached XP level 2. HP: 26/26 MP: 7/7
   143 | D:1      | Learned a level 2 spell: Blink
   409 | D:1      | Found a faded altar of an unknown god.
   668 | D:2      | Reached skill level 5 in Spellcasting
   668 | D:2      | Reached XP level 3. HP: 25/31 MP: 7/9
   805 | D:2      | Reached skill level 1 in Invocations
   940 | D:2      | Reached skill level 1 in Short Blades
   940 | D:2      | Reached skill level 1 in Long Blades
   940 | D:2      | Reached skill level 1 in Axes
   940 | D:2      | Reached skill level 1 in Maces & Flails
   940 | D:2      | Reached skill level 1 in Staves
   940 | D:2      | Reached skill level 1 in Slings
   940 | D:2      | Reached skill level 1 in Bows
   940 | D:2      | Reached skill level 1 in Crossbows
   940 | D:2      | Reached skill level 1 in Stealth
   940 | D:2      | Reached skill level 1 in Shields
   940 | D:2      | Reached skill level 1 in Unarmed Combat
   940 | D:2      | Reached skill level 1 in Evocations
  1176 | D:2      | Reached XP level 4. HP: 38/38 MP: 11/11
  1348 | D:3      | Found a stormy altar of Qazlal.
  1378 | D:3      | Found a one-way gate to the infinite horrors of the Abyss.
  1506 | D:3      | Found a glowing drain.
  1518 | Sewer    | Entered a sewer
  1549 | Sewer    | Reached skill level 1 in Conjurations
  1549 | Sewer    | Reached skill level 1 in Hexes
  1549 | Sewer    | Reached skill level 1 in Summonings
  1549 | Sewer    | Reached skill level 1 in Necromancy
  1549 | Sewer    | Reached skill level 1 in Transmutations
  1549 | Sewer    | Reached skill level 1 in Fire Magic
  1549 | Sewer    | Reached skill level 1 in Ice Magic
  1549 | Sewer    | Reached skill level 1 in Air Magic
  1549 | Sewer    | Reached skill level 1 in Earth Magic
  1549 | Sewer    | Reached skill level 1 in Poison Magic
  1788 | Sewer    | Reached XP level 5. HP: 41/43 MP: 12/12
  2370 | D:3      | Slain by an adder

Illustrated notes

Levels and vault maps discovered:
D:1:      scummos_arrival_star, layout_rooms,
          dreamdust_ecumenical_altar_drowned_temple
D:2:      layout_rooms
D:3:      due_chaos_kobolds, layout_rooms, lemuel_round_altar,
          cheibrodos_sewer_entry_sluice, uniq_crazy_yiuf_cottage

Skill      XL: |  1  2  3  4  5 |
---------------+----------------+-----
Spellcasting   | 5 |  5.2
Invocations    | 1 |  1.6
Short Blades   | 1 |  1.4
Long Blades    | 1 |  1.4
Axes           | 1 |  1.4
Maces & Flails | 1 |  1.4
Staves         | 1 |  1.4
Slings         | 1 |  1.4
Bows           | 1 |  1.4
Crossbows      | 1 |  1.4
Stealth        | 1 |  1.4
Shields        | 1 |  1.4
Unarmed Combat | 1 |  1.4
Evocations     | 1 |  1.4
Conjurations   | 1 |  1.1
Hexes          | 1 |  1.1
Summonings     | 1 |  1.1
Necromancy     | 1 |  1.1
Transmutations | 1 |  1.1
Fire Magic     | 1 |  1.1
Ice Magic      | 1 |  1.1
Air Magic      | 1 |  1.1
Earth Magic    | 1 |  1.1
Poison Magic   | 1 |  1.1
Throwing       | 3 |  3.0
Armour         | 3 |  3.0
Fighting       | |  4.8
Polearms       | |  4.8
Dodging        | |  4.8
Translocations | |  5.5

Action                   |  1- 3 |  4- 6 || total
-------------------------+-------+-------++-------
Melee: Spear             |   124 |    67 ||   191
       Bite              |     6 |    10 ||    16
       Trident           |       |   103 ||   103
       Punch             |       |     3 ||     3
 Stab: Sleeping          |     1 |     2 ||     3
Armor: Leather armour    |    20 |    21 ||    41
Dodge: Dodged            |    51 |    92 ||   143
Block: Other             |    17 |    38 ||    55
       Reflection        |     2 |     2 ||     4
